AoeStats
← Anva

Black Forest

510394903Analyzed
2v2 RM · 17h ago on Sep 30, 2026· 32m 22s· 4 players
Game mode
Random Map
Map size
Medium (4 player)
Population
200
Speed
Normal
Resources
Standard
Victory
Conquest
Starting age
Dark Age
Ending age
Imperial Age
RankedLock teamsTeams togetherTeam positionsShared explorationLock speedFull tech treeHidden civsTurbo modeCheats
Victory
Defeat
🇫🇷 Hindustanis · France
981
+16
🇫🇷 Varangians · France
968
+17
🇸🇦 Mapuche · Saudi Arabia
989
-16
🇸🇦 Italians · Saudi Arabia
985
-17
Jéhache M.D.
10:36 Feudal Age
13:17 Feudal Age
17:09 Castle Age
15:14 Double-Bit Axe
15:44 Horse Collar
18:02 Gold Mining
18:41 Bow Saw
20:30 Forging
20:23 Scale Mail Armor
24:25 Heavy Plow
31:36 Gold Shaft Mining
Anva
9:17 Loom
11:35 Feudal Age
16:39 Castle Age
16:53 Double-Bit Axe
17:01 Horse Collar
24:42 Bow Saw
30:57 Heavy Plow
98_Natsu
0:27 Loom
14:43 Feudal Age
20:40 Castle Age
19:37 Stone Mining
HHH
0:26 Loom
12:14 Feudal Age
13:03 Double-Bit Axe
16:33 Castle Age
14:24 Horse Collar
14:38 Gold Mining
15:14 Stone Mining
19:16 Bow Saw
19:13 Heavy Plow
19:52 Gold Shaft Mining
21:02 Wheelbarrow
20:41 Town Watch
23:00 Hand Cart
25:56 Fletching
27:12 Bodkin Arrow
Connection lost

Rejoining the realm…

Still unreachable

The connection could not be restored.

Session expired

The server has moved on; the page needs a fresh start.